 Dungeon Crawl Stone Soup version 0.28-a0-1555-g9ae15a6949 (webtiles) character file.

Game seed: 8807757470029429232

1 Hasart the Sneak (level 1, -2/10 HPs)
             Began as a Kobold Enchanter on Jan 18, 2022.
             Frozen to death by an endoplasm (4 damage)
             ... on level 1 of the Dungeon.
             The game lasted 00:00:13 (185 turns).

Hasart the Sneak (Kobold Enchanter)                  Turns: 185, Time: 00:00:14

Health: -2/10      AC:  2    Str:  5    XL:     1   Next: 22%
Magic:  3/3        EV: 15    Int: 16    God:
Gold:   0          SH:  0    Dex: 15    Spells: 4/4 levels left

rFire   . . .      SeeInvis .   a - +1 dagger
rCold   . . .      Faith    .   (no shield)
rNeg    . . .      Spirit   .   b - +0 robe
rPois   .          Reflect  .   (no helmet)
rElec   .          Harm     .   (no cloak)
rCorr   .          Rampage  .   (no gloves)
Will    .....                   (no boots)
Stlth   ++++......              (no amulet)
HPRegen 0.03/turn               (no ring)
MPRegen 0.08/turn               (no ring)

@: no status effects
A: small, no large weapons, nightstalker 3
a: no special abilities


You were on level 1 of the Dungeon.
You visited 1 branch of the dungeon, and saw 1 of its levels.

Inventory:

Hand Weapons
 a - a +1 dagger (weapon)
Armour
 b - a +0 robe (worn)
Scrolls
 f - a scroll of summoning {unknown}
Potions
 c - a potion of invisibility
 d - a potion of resistance {unknown}
 e - a potion of might {unknown}


   Skills:
 * Level 1.4 Short Blades
 + Level 2.4 Dodging
 + Level 4.0 Stealth
 + Level 2.2 Spellcasting
 + Level 3.0 Hexes


You had 4 spell levels left.
You didn't know any spells.
Your spell library contained the following spells:

 Spells                   Type           Power      Damage    Failure   Level
 Ensorcelled Hibernation  Hex/Ice        12%        N/A       17%         2
 Confusing Touch          Hex            11%        N/A       19%         3
 Tukima's Dance           Hex            11%        N/A       19%         3
 Dazzling Flash           Conj/Hex       12%        N/A       32%         3


Dungeon Overview and Level Annotations

Branches:
Dungeon (1/15)

Altars:


Innate Abilities, Weirdness & Mutations

You are small and have problems with some larger weapons.
You are completely attuned to the shadows.


Message History

The endoplasm quivers.
You hit the endoplasm.
The endoplasm is almost dead.
The endoplasm closely misses you.
You hit the endoplasm.
You kill the endoplasm!
Found a stone staircase leading down.
e - a puce potion
f - a scroll labelled XUGAZO YKHLIAZYFF A bat comes into view.
A bat is nearby! 2 rats and an endoplasm come into view.
Found a plate armour.
A frilled lizard and 2 hobgoblins come into view.
Found 11 gold pieces.
The bat hits you but does no damage.
Found 22 stones, a war axe and 30 arrows.
The bat hits you but does no damage.
You barely miss the endoplasm.
The hobgoblin shouts!
The bat hits you but does no damage. The endoplasm hits you.
The frilled lizard hisses angrily.
The hobgoblin shouts!
The bat closely misses you.
You barely miss the endoplasm. The endoplasm misses you.
You hit the endoplasm.
The endoplasm is moderately wounded.
The endoplasm freezes you.
You are frozen.
You hit the endoplasm but do no damage.
The endoplasm is moderately wounded.
The endoplasm freezes you.
You are frozen.
Ouch! That really hurt!
* * * LOW HITPOINT WARNING * * *
A hobgoblin comes into view.
The hobgoblin shouts!
You hit the endoplasm.
The endoplasm is severely wounded.
The endoplasm freezes you.
You are frozen.
You die...

#.#.# #.#...#### ..
#.#.......
.#.(#...###
#.#.######
#.⌠$.##...###.#.#
....⌠.#.#.##....###
)⌠.lr.#.#.........#
#grgJ##.#.##...>..#
.#(.#@............#
####.............#
...#######.....#
#####


You could see an endoplasm, 2 hobgoblins, a frilled lizard and 2 rats.

Vanquished Creatures
  An endoplasm (D:1)
1 creature vanquished.

Notes
Turn   | Place    | Note
-------+----------+-------------------------------------------
     0 | D:1      | Hasart the Kobold Enchanter began the quest for the Orb.
     0 | D:1      | Reached XP level 1. HP: 10/10 MP: 3/3
   185 | D:1      | Frozen to death by an endoplasm

Illustrated notes

Levels and vault maps discovered:
D:1:      ebering_hopf_link, layout_loops_ring, minmay_hexomino_c4

Action                   || total
-------------------------++-------
Melee: Dagger            ||     7
Armor: Robe              ||     3
Dodge: Dodged            ||     3

Table legend: (Time is in decaauts)
 A = Elapsed time spent in this place.
 B = Non-inter-level travel time spent in this place.
 C = Inter-level travel time spent in this place.
 D = Time resting spent in this place.
 E = Time spent auto-exploring this place.
 F = Levels seen in this place.
 G = Mean time per level.
                   A        B        C        D        E       F      G
               +--------+--------+--------+--------+--------+-----+--------+
         Total |    184 |    184 |      0 |      0 |    163 |   1 |  184.0 |
       Dungeon |    184 |    184 |      0 |      0 |    163 |   1 |  184.0 |
               +--------+--------+--------+--------+--------+-----+--------+

Top non-repeatable levels by time:
     D:1: 184 daAuts
